[Event "Titled Tuesday Blitz January 31 Early 2023"]
[White "Gamayev, Oleg"]
[Black "Liu, Casper"]
[WhiteFideId "2802813"]
[BlackFideId "1454153"]
[WhiteElo "2174"]
[BlackElo "2278"]
[Result "1-0"]
[Round "03"]
[TimeControl "180+2"]
[Date "2023.01.31"]
[WhiteClock "0:01:33"]
[BlackClock "0:00:03"]

1. d3 b5 2. e4 Bb7 3. Nf3 g6 4. c3 Bg7 5. a4 a6 6. axb5 axb5 7. Rxa8 Bxa8 8. Be2 Nf6 9. Nbd2 O-O 10. O-O d6 11. Re1 Nbd7 12. Bf1 Bb7 13. d4 Ba6 14. e5 dxe5 15. dxe5 Ng4 16. e6 fxe6 17. Ng5 Nxf2 18. Qe2 Nc5 19. Nxe6 Nxe6 20. Qxe6+ Kh8 21. Qxa6 Bd4 22. h3 Bb6 23. Qxb5 Nd3+ 24. Kh1 Nxe1 25. Qe5+ Rf6 26. Qxe1 Qd6 27. Nf3 e5 28. Bg5 Re6 29. Bc4 Re8 30. Nd2 e4 31. Nxe4 Qc6 32. Qf1 1-0


[Site "https://www.chess.com"]

[Event "Titled Tuesday Blitz January 31 Early 2023"]
[White "Xie, Bryan"]
[Black "Freitag, Manfred"]
[WhiteFideId "30941296"]
[BlackFideId "1602004"]
[WhiteElo "2361"]
[BlackElo "2352"]
[Result "1-0"]
[Round "03"]
[TimeControl "180+2"]
[Date "2023.01.31"]
[WhiteClock "0:00:02"]
[BlackClock "0:00:07"]

1. d4 Nf6 2. Nf3 g6 3. Bf4 Bg7 4. e3 O-O 5. Be2 d6 6. h3 c5 7. c3 Be6 8. O-O Qb6 9. Qc1 Rc8 10. Nbd2 Nc6 11. Ng5 Bd7 12. Nc4 Qa6 13. Nxd6 Qxe2 14. Nxc8 Rxc8 15. dxc5 h6 16. Nf3 Qc4 17. Ne5 Nxe5 18. Bxe5 Qxc5 19. Bd4 Qa5 20. Rd1 Be6 21. Qc2 h5 22. e4 Qg5 23. Be3 Qh4 24. Rd4 Ng4 25. hxg4 Be5 26. f4 Bxd4 27. Bxd4 Qxg4 28. Qf2 b6 29. Rf1 Bc4 30. Re1 Bxa2 31. f5 h4 32. fxg6 fxg6 33. Rf1 h3 34. g3 Qxe4 35. Re1 Qf5 36. Qxf5 gxf5 37. Rxe7 Rc6 38. Rxa7 Bd5 39. Kh2 Bg2 40. Rb7 Re6 41. Rxb6 Re2 42. Rb8+ Kf7 43. b4 Bf1+ 44. Kg1 h2+ 45. Kh1 Bh3 46. Rh8 Bg2+ 47. Kxh2 Bf3+ 48. Kg1 Rg2+ 49. Kf1 Rb2 50. Rc8 Ke6 51. Rc7 Kd5 52. Rc8 Be4 53. Rf8 Kc4 54. Re8 Kd3 55. Re5 Kd2 56. b5 Kd3 57. b6 Rb1+ 58. Kf2 Rb2+ 59. Kf1 Bg2+ 60. Kg1 Be4 61. Re7 Rg2+ 62. Kf1 Rxg3 63. b7 Rf3+ 64. Ke1 Bxb7 65. Rxb7 f4 66. Rf7 Ke4 67. Ke2 Rh3 68. Re7+ Kf5 69. Kf2 Kg4 70. Rg7+ Kf5 71. Rf7+ Kg4 72. Be5 Rh2+ 73. Kg1 Rc2 74. Rxf4+ Kg5 75. Rc4 Kf5 76. Bd4 Ke4 77. Rc8 Kd3 78. Kf1 Re2 79. Bg7 Rc2 80. Rc7 Rc1+ 81. Kf2 Rc2+ 82. Ke1 Re2+ 83. Kd1 Rg2 84. Kc1 Rc2+ 85. Kb1 Rg2 86. c4 Rg4 87. c5 Kc4 88. Bf8 Kb5 89. Bd6 Rg2 90. Kc1 Rf2 91. Be7 Re2 92. Bd6 Rg2 93. Rb7+ Kc6 94. Rb6+ Kd7 95. Kd1 Rf2 96. Ke1 Rc2 97. Kd1 Rg2 98. Be5 Rg5 99. c6+ Ke6 100. c7+ Kd7 101. Bf4 Rd5+ 102. Ke2 Rd4 103. Rb8 Re4+ 104. Kd3 Rxf4 105. c8=Q+ Kd6 106. Qc7+ Ke6 107. Qxf4 1-0


[Site "https://www.chess.com"]

[Event "Titled Tuesday Blitz January 31 Early 2023"]
[White "Dwilewicz, Katarzyna"]
[Black "Antonica, Dragos-Andrei"]
[WhiteFideId "1148486"]
[BlackFideId "1246372"]
[WhiteElo "2115"]
[BlackElo "2373"]
[Result "0-1"]
[Round "03"]
[TimeControl "180+2"]
[Date "2023.01.31"]
[WhiteClock "0:00:02"]
[BlackClock "0:00:52"]

1. e4 e6 2. Nf3 d5 3. Nc3 Nf6 4. exd5 exd5 5. d4 Bd6 6. Bd3 O-O 7. O-O h6 8. h3 c6 9. Re1 Be6 10. Ne2 Nbd7 11. Nf4 Re8 12. Nxe6 Rxe6 13. c3 Qc7 14. Bd2 Rae8 15. Bf5 Rxe1+ 16. Bxe1 Nf8 17. Bd2 Ne4 18. Be3 Ne6 19. Bxe4 dxe4 20. Nd2 Nf4 21. Nc4 Nd3 22. Nxd6 Qxd6 23. Qd2 f5 24. g3 g5 25. Qc2 f4 26. gxf4 gxf4 27. Bd2 f3 28. Qb3+ Kh8 29. Qf7 Rg8+ 30. Kf1 Rg2 31. Be3 Rh2 32. Qe8+ Kg7 33. Kg1 Rg2+ 34. Kf1 Qg6 35. Qxg6+ Kxg6 36. b4 Rh2 37. Kg1 Rxh3 38. a4 Rh4 39. b5 Rg4+ 40. Kh1 Rg2 41. Ra2 h5 42. bxc6 bxc6 43. c4 h4 44. d5 cxd5 0-1


[Site "https://www.chess.com"]

[Event "Titled Tuesday Blitz January 31 Early 2023"]
[White "Lopez Idarraga, Daniel Eduardo"]
[Black "Bosnjak, Petar"]
[WhiteFideId "4405501"]
[BlackFideId "14532581"]
[WhiteElo "2009"]
[BlackElo "2337"]
[Result "0-1"]
[Round "03"]
[TimeControl "180+2"]
[Date "2023.01.31"]
[WhiteClock "0:01:41"]
[BlackClock "0:01:43"]

1. Nf3 c6 2. b3 d5 3. Bb2 Nf6 4. g3 Bg4 5. Bg2 e6 6. O-O Be7 7. d3 O-O 8. Nbd2 a5 9. Qe1 a4 10. e4 Nfd7 11. c4 Nc5 12. Qe2 dxe4 13. dxe4 Qd3 14. Qxd3 Nxd3 15. Bc3 Na6 16. Ne5 Nxe5 17. Bxe5 axb3 18. axb3 Nb4 19. h3 Bh5 20. g4 Bg6 21. f4 Bc5+ 22. Kh2 f6 23. Bc3 Rfd8 24. f5 Bf7 25. Rxa8 Rxa8 26. Ra1 Rd8 27. Kg3 h5 28. Kf3 Rd3+ 0-1


[Site "https://www.chess.com"]

[Event "Titled Tuesday Blitz January 31 Early 2023"]
[White "Rosenberg, Evan S"]
[Black "Orlov, Georgi"]
[WhiteFideId "2019299"]
[BlackFideId "2011271"]
[WhiteElo "1956"]
[BlackElo "2453"]
[Result "0-1"]
[Round "03"]
[TimeControl "180+2"]
[Date "2023.01.31"]
[WhiteClock "0:00:02"]
[BlackClock "0:01:01"]

1. d4 Nf6 2. Nf3 e6 3. g3 b5 4. Bg2 Bb7 5. O-O c5 6. Na3 Qb6 7. dxc5 Bxc5 8. b4 Bxb4 9. Rb1 Nc6 10. c3 Bxa3 11. Bxa3 d5 12. Nd4 a6 13. Nb3 Ne5 14. Bc5 Qc7 15. Qd4 Ned7 16. Bb4 a5 17. Ba3 Qc4 18. Qxc4 bxc4 19. Nd4 Ba6 20. Nc6 Bc8 21. Rfd1 Ra6 22. Nb8 Nxb8 23. Rxb8 Kd7 24. e4 Kc7 25. Rb5 Bb7 26. e5 Bc6 27. Bd6+ Kd7 28. Rb2 Ne8 29. Rb8 Ra8 30. Rxa8 Bxa8 31. Bc5 Nc7 32. Rb1 Bc6 33. Rb6 Ra8 34. Bd6 Nb5 35. f4 Nxd6 36. exd6 Kxd6 37. f5 Kc5 38. Rb2 exf5 39. Re2 Re8 40. Rf2 Re1+ 41. Bf1 g6 42. g4 Bd7 43. Kg2 Re3 44. gxf5 Bxf5 45. Rf3 Be4 0-1


[Site "https://www.chess.com"]

[Event "Titled Tuesday Blitz January 31 Early 2023"]
[White "Girya, Olga"]
[Black "Prieto Aranguren, Alain"]
[WhiteFideId "4195752"]
[BlackFideId "2268906"]
[WhiteElo "2402"]
[BlackElo "2258"]
[Result "0-1"]
[Round "03"]
[TimeControl "180+2"]
[Date "2023.01.31"]
[WhiteClock "0:00:04"]
[BlackClock "0:01:17"]

1. d4 Nf6 2. Nf3 g6 3. Bg5 Bg7 4. Nbd2 O-O 5. c3 c6 6. e4 d5 7. Bxf6 exf6 8. exd5 Qxd5 9. Be2 f5 10. O-O Qd8 11. Re1 Nd7 12. Nc4 Nf6 13. Nce5 Be6 14. Bc4 Bxc4 15. Nxc4 Ne4 16. Nce5 Qd5 17. Qb3 Rfd8 18. Qxd5 Rxd5 19. Nd3 a5 20. Nf4 Rd7 21. a4 Rad8 22. h4 Bf6 23. Re2 Kg7 24. g3 c5 25. d5 c4 26. Rae1 Nc5 27. Rd2 Nxa4 28. Ra1 Nxb2 29. Rxb2 Bxc3 30. Rab1 Bxb2 31. Rxb2 Rc8 32. Nd4 c3 33. Rc2 Rb8 34. Rxc3 b5 35. Rc5 Rdb7 36. d6 a4 37. Kg2 b4 38. Nd3 b3 39. Ra5 b2 40. Nxb2 Rxb2 41. Rxa4 Rd2 42. d7 Rd8 43. Nf3 R2xd7 44. Ra6 Rd6 45. Ra7 R8d7 46. Ra8 Rc6 47. Rb8 Rdc7 48. Ra8 Rb6 49. Rd8 Rb2 0-1


[Site "https://www.chess.com"]

[Event "Titled Tuesday Blitz January 31 Early 2023"]
[White "Manukyan, Artyom"]
[Black "Levitan, Caleb Levi"]
[WhiteFideId "13305786"]
[BlackFideId "14332620"]
[WhiteElo "2110"]
[BlackElo "2129"]
[Result "1-0"]
[Round "03"]
[TimeControl "180+2"]
[Date "2023.01.31"]
[WhiteClock "0:00:09"]
[BlackClock "0:00:02"]

1. e4 c5 2. Nc3 e6 3. g3 d5 4. exd5 exd5 5. Bg2 d4 6. Nce2 Nf6 7. d3 Be7 8. Nf3 O-O 9. O-O Nc6 10. Re1 Bg4 11. h3 Bf5 12. Nf4 Re8 13. Ne5 Nxe5 14. Rxe5 Qd7 15. g4 Bg6 16. g5 Bd6 17. Rxe8+ Nxe8 18. Qf3 Rb8 19. Bd2 Nc7 20. Re1 b6 21. h4 Bf5 22. b3 Re8 23. Rxe8+ Qxe8 24. Qb7 Bc8 25. Qxa7 Ne6 26. Nxe6 Qxe6 27. Qa8 h6 28. Bb7 Qg4+ 29. Kf1 Qh3+ 30. Ke2 Qg4+ 31. Bf3 Qe6+ 32. Qe4 1-0


[Site "https://www.chess.com"]

[Event "Titled Tuesday Blitz January 31 Early 2023"]
[White "Hoffmann, Asa"]
[Black "Vestby-Ellingsen, Mads"]
[WhiteFideId "2001470"]
[BlackFideId "1520857"]
[WhiteElo "2185"]
[BlackElo "2387"]
[Result "1-0"]
[Round "03"]
[TimeControl "180+2"]
[Date "2023.01.31"]
[WhiteClock "0:00:24"]
[BlackClock "0:00:08"]

1. d4 Nf6 2. Bg5 Ne4 3. Bf4 d5 4. f3 Nf6 5. e4 dxe4 6. Nc3 exf3 7. Nxf3 c6 8. Bc4 Bf5 9. Ne5 e6 10. g4 Be4 11. O-O Bd5 12. Bd3 h6 13. Qe2 Nbd7 14. Rad1 Be7 15. Ne4 Bxe4 16. Bxe4 Nxe4 17. Qxe4 Nf6 18. Qf3 Qd5 19. Qe2 Qe4 20. Qf2 Rf8 21. Rfe1 Qh7 22. c4 g5 23. Bg3 Ne4 24. Qc2 f5 25. gxf5 exf5 26. d5 Bc5+ 27. Kg2 Rf6 28. dxc6 bxc6 29. Nd7 Re6 30. Rxe4 Rxe4 31. Nf6+ Kf7 32. Nxh7 Rae8 33. Rd2 Bb4 34. Rf2 Kg6 35. Qa4 Be1 36. Qxc6+ Kxh7 37. Rxf5 Re2+ 38. Kh3 R2e7 39. Rf6 g4+ 40. Kh4 Bd2 41. Kh5 Rg8 42. Rxh6+ Kg7 43. Qf6# 1-0


[Site "https://www.chess.com"]

[Event "Titled Tuesday Blitz January 31 Early 2023"]
[White "Tomaszewski, Kacper"]
[Black "Miranda Jr, Roberto Calheiros de"]
[WhiteFideId "1127373"]
[BlackFideId "2109417"]
[WhiteElo "2313"]
[BlackElo "2182"]
[Result "1-0"]
[Round "03"]
[TimeControl "180+2"]
[Date "2023.01.31"]
[WhiteClock "0:00:23"]
[BlackClock "0:00:38"]

1. e4 c5 2. Nf3 Nc6 3. Bb5 Nd4 4. Nxd4 cxd4 5. O-O e6 6. Re1 Bc5 7. Bf1 Ne7 8. d3 O-O 9. Nd2 a6 10. f4 f5 11. e5 Nd5 12. Nf3 b5 13. Kh1 Bb7 14. Be2 Rc8 15. Bd2 Qb6 16. Qc1 b4 17. b3 Rc7 18. Qb2 Rfc8 19. Rec1 Nc3 20. Bxc3 dxc3 21. Qb1 Be3 22. Rf1 Bxf4 23. d4 Be4 24. Qd1 Be3 25. Bd3 Bxf3 26. Qxf3 Bxd4 27. g4 Qc6 28. gxf5 Qxf3+ 29. Rxf3 Bxe5 30. Re1 Rc5 31. fxe6 dxe6 32. Rfe3 Bf4 33. Rxe6 h6 34. Bg6 Rf8 35. Rxa6 Bd2 36. Rg1 Rg5 37. Rxg5 Bxg5 38. Rb6 Rf6 39. Rb8+ Rf8 40. Rxb4 1-0


[Site "https://www.chess.com"]

[Event "Titled Tuesday Blitz January 31 Early 2023"]
[White "Golubev, Mikhail"]
[Black "Petrova, Irina"]
[WhiteFideId "14100983"]
[BlackFideId "14124122"]
[WhiteElo "2461"]
[BlackElo "2108"]
[Result "0-1"]
[Round "03"]
[TimeControl "180+2"]
[Date "2023.01.31"]
[WhiteClock "0:00:01"]
[BlackClock "0:00:41"]

1. e4 d6 2. d4 Nf6 3. Nc3 e5 4. dxe5 dxe5 5. Qxd8+ Kxd8 6. Bc4 Ke8 7. f4 Bb4 8. fxe5 Nxe4 9. Ne2 Nxc3 10. bxc3 Be7 11. O-O f6 12. exf6 Bxf6 13. Nd4 Bd7 14. Ba3 Nc6 15. Ne6 Bxe6 16. Bxe6 Bxc3 17. Rab1 Rb8 18. Rb3 Bf6 19. Bd5 Kd7 20. Rd3 Rbd8 21. c4 Kc8 22. Rb1 Rhe8 23. Rdb3 Na5 24. Rb5 b6 25. Bf3 Bd4+ 26. Kh1 c5 27. h3 Nb7 28. R5b3 Nd6 29. Rf1 Kc7 30. Bc1 Nf5 31. Bf4+ Be5 32. Bxe5+ Rxe5 33. Kh2 Rd2 34. Ra3 a5 35. Rb1 Nd4 36. Bd5 Nc2 0-1


[Site "https://www.chess.com"]

[Event "Titled Tuesday Blitz January 31 Early 2023"]
[White "Wilson, Elvin"]
[Black "Malka, Samuel"]
[WhiteFideId "2014874"]
[BlackFideId "20643675"]
[WhiteElo "2183"]
[BlackElo "2165"]
[Result "0-1"]
[Round "03"]
[TimeControl "180+2"]
[Date "2023.01.31"]
[WhiteClock "0:00:02"]
[BlackClock "0:00:16"]

1. c4 g6 2. g3 Bg7 3. Bg2 c5 4. Nc3 Nc6 5. e4 d6 6. Nge2 Nf6 7. O-O O-O 8. d3 Ne8 9. Be3 Nd4 10. Rb1 a5 11. Nb5 e5 12. Nexd4 cxd4 13. Bd2 Nc7 14. Nxc7 Qxc7 15. f4 f5 16. exf5 Bxf5 17. Qf3 Rab8 18. Qd5+ Kh8 19. fxe5 dxe5 20. Bxa5 b6 21. Bb4 Rfd8 22. Qf3 b5 23. Rbc1 bxc4 24. Rxc4 Qd7 25. Rfc1 Qb5 26. a3 Bh6 27. R1c2 Be3+ 28. Kh1 Qb6 29. Qe2 Qe6 30. Be4 Bxe4+ 31. dxe4 d3 32. Qxe3 dxc2 33. Rxc2 Rbc8 34. Bc3 Rd1+ 35. Kg2 Rf8 36. Rd2 Rxd2+ 37. Qxd2 Re8 0-1


[Site "https://www.chess.com"]

[Event "Titled Tuesday Blitz January 31 Early 2023"]
[White "Player, Edmund C"]
[Black "Przybylski, Wojciech"]
[WhiteFideId "406520"]
[BlackFideId "1117599"]
[WhiteElo "2204"]
[BlackElo "2321"]
[Result "0-1"]
[Round "03"]
[TimeControl "180+2"]
[Date "2023.01.31"]
[WhiteClock "0:00:22"]
[BlackClock "0:01:12"]

1. e4 c5 2. Nf3 e6 3. d4 cxd4 4. Nxd4 Nc6 5. Nc3 Qc7 6. g3 a6 7. Bg2 Nf6 8. O-O Nxd4 9. Qxd4 Bc5 10. Qd3 O-O 11. Na4 Ba7 12. b3 e5 13. Ba3 Re8 14. Bd6 Qc6 15. c4 Bd4 16. Rac1 Qxd6 17. c5 Qe6 18. Kh1 d6 19. f4 dxc5 20. f5 Qd6 21. Bf3 b5 22. Nc3 Bb7 23. g4 c4 24. bxc4 bxc4 25. Qxc4 Rac8 26. Qd3 h6 27. h4 Rxc3 28. Rxc3 Nxe4 29. Rb3 Ng3+ 30. Kg2 Bxf3+ 31. Rxf3 e4 0-1


[Site "https://www.chess.com"]

[Event "Titled Tuesday Blitz January 31 Early 2023"]
[White "Mkrtchian, Lilit"]
[Black "Pavlidou, Ekaterini"]
[WhiteFideId "13300601"]
[BlackFideId "4213262"]
[WhiteElo "2389"]
[BlackElo "2088"]
[Result "0-1"]
[Round "03"]
[TimeControl "180+2"]
[Date "2023.01.31"]
[WhiteClock "0:00:02"]
[BlackClock "0:00:23"]

1. Nf3 d5 2. g3 Nf6 3. Bg2 c6 4. O-O Bg4 5. h3 Bxf3 6. Bxf3 e5 7. d3 Nbd7 8. Bg2 Bd6 9. c4 O-O 10. cxd5 cxd5 11. Nc3 d4 12. Nb5 Be7 13. a4 a6 14. Na3 Rb8 15. Nc4 b5 16. axb5 axb5 17. Na5 Qb6 18. Nc6 Rbe8 19. Nxe7+ Rxe7 20. Bd2 Qd6 21. Qb3 Nc5 22. Qxb5 Rb8 23. Ra8 Ree8 24. Rxb8 Rxb8 25. Qc4 Nb3 26. Bg5 Nd7 27. f4 Nd2 28. fxe5 Nxe5 29. Qc2 Nxf1 30. Bxf1 Ng6 31. Kh2 Qb6 32. Bc1 h5 33. h4 Qd6 34. Kg2 Qd5+ 35. Kg1 Qe5 36. Kf2 Rb6 37. Bg2 Rf6+ 38. Bf3 Qe6 39. Bg5 Rf5 40. Qc7 Re5 41. Qd8+ Qe8 42. Qxd4 Rb5 0-1


[Site "https://www.chess.com"]

[Event "Titled Tuesday Blitz January 31 Early 2023"]
[White "Orujov, Elshad"]
[Black "Iljin, Timofey"]
[WhiteFideId "13403540"]
[BlackFideId "14110180"]
[WhiteElo "2304"]
[BlackElo "2329"]
[Result "1/2-1/2"]
[Round "03"]
[TimeControl "180+2"]
[Date "2023.01.31"]
[WhiteClock "0:00:21"]
[BlackClock "0:01:52"]

1. e4 e5 2. Nf3 Nc6 3. d4 exd4 4. Nxd4 Nf6 5. Nc3 Bc5 6. Be3 Bb6 7. Qd2 O-O 8. O-O-O d6 9. f3 Nxd4 10. Bxd4 Be6 11. g4 Nd7 12. h4 Ne5 13. Be2 Nc4 14. Bxc4 Bxc4 15. h5 h6 16. f4 c5 17. Be3 Ba5 18. Qxd6 Qxd6 19. Rxd6 Bxc3 20. bxc3 Bxa2 21. Bxc5 Rfe8 22. e5 b6 23. Bd4 Rad8 24. g5 Rxd6 25. exd6 Rd8 26. gxh6 gxh6 27. Rg1+ Kf8 28. Bg7+ Ke8 29. Be5 f6 30. Bxf6 Rxd6 31. Be5 Rc6 32. Rg6 Rxg6 33. hxg6 Be6 34. Kd2 Bf5 35. c4 Bxg6 36. Kc3 Kd7 37. Kb4 Bxc2 38. c5 bxc5+ 39. Kxc5 Ke6 40. Bd4 h5 41. f5+ Kxf5 42. Bg1 a6 43. Kb4 Kg4 44. Bh2 h4 45. Bb8 h3 46. Ka3 Bd3 47. Bc7 Bb5 48. Bh2 Kf3 49. Bb8 Kg2 50. Bc7 Kf3 51. Bb8 Ke4 52. Bc7 Kd3 53. Bb8 Kc4 54. Kb2 Kb4 55. Ka1 a5 56. Bh2 a4 57. Bg3 a3 58. Bh2 Kb3 59. Bg3 Kc3 60. Bh2 Kd3 61. Bb8 Bc4 62. Bd6 Ke4 63. Bb8 Kf3 64. Kb1 Kg2 65. Ka1 Kf1 66. Kb1 Ke2 67. Ka1 Ke3 68. Kb1 Ke4 69. Ka1 Kd5 70. Kb1 Kc6 71. Bh2 Kd5 72. Ka1 Kc6 73. Kb1 Kb7 74. Ka1 Bd3 75. Ka2 Kb6 76. Kxa3 Kc5 77. Kb2 Kd4 78. Kc1 Ke3 79. Kd1 Kf2 80. Bb8 Kg2 81. Kd2 Ba6 82. Kd1 Kf3 83. Ke1 Ke3 84. Bc7 Be2 85. Bh2 Kf3 86. Bb8 Bb5 87. Bc7 Bd7 88. Bb8 Bg4 89. Bc7 Bh5 90. Kf1 Bf7 91. Kg1 Bd5 92. Bh2 Kg4 93. Bb8 Bg8 94. Bc7 Bf7 95. Bb8 Be6 96. Bc7 Bd5 97. Bb8 Bc4 98. Bc7 Bb3 99. Bb8 Be6 100. Bc7 Kf3 101. Bb8 Ke4 102. Bc7 Kd5 103. Bb8 Kc6 104. Bh2 Kd5 105. Bg3 Ke4 106. Bh2 Kf3 107. Bb8 Bd5 108. Bc7 Bc4 109. Bb8 Bb3 110. Bc7 Ba2 111. Bb8 Bb3 112. Bc7 Bc4 113. Bb8 Bd5 114. Bh2 Be6 115. Bb8 1/2-1/2


[Site "https://www.chess.com"]

[Event "Titled Tuesday Blitz January 31 Early 2023"]
[White "Erzhanov, Arman"]
[Black "Pace, Christopher"]
[WhiteFideId "4138821"]
[BlackFideId "2610167"]
[WhiteElo "2228"]
[BlackElo "2053"]
[Result "0-1"]
[Round "03"]
[TimeControl "180+2"]
[Date "2023.01.31"]
[WhiteClock "0:01:29"]
[BlackClock "0:00:13"]

1. e4 e5 2. Nf3 Nc6 3. Bb5 Nf6 4. d3 Bc5 5. O-O d6 6. Be3 Bb6 7. Nbd2 O-O 8. Nc4 Bxe3 9. Nxe3 Nd4 10. Nxd4 exd4 11. Nd5 c6 12. Nxf6+ Qxf6 13. Bc4 Be6 14. Bb3 a5 15. f4 a4 16. Bxe6 fxe6 17. Qg4 Ra5 18. Rf3 Rc5 19. Rc1 a3 20. b3 Rc3 21. Rg3 g6 22. h4 Qxf4 23. Qxf4 Rxf4 24. h5 Kg7 25. hxg6 hxg6 26. Rf3 Rxf3 27. gxf3 e5 28. Kf2 Kf6 29. Ke2 b5 30. Kd2 c5 31. Rb1 c4 32. bxc4 bxc4 33. Rb6 cxd3 34. cxd3 Ke6 35. Ra6 Ke7 36. Ra7+ Ke6 37. Ra8 Ke7 38. Rg8 Kf7 39. Ra8 Ke7 40. Ra5 Ke6 41. Ra4 Ke7 42. Ra6 Ke6 43. Ra5 Ke7 44. f4 exf4 45. Rd5 Rc5 46. Rxd4 Ra5 47. Rb4 g5 48. Ke2 g4 49. d4 Rh5 50. Rb7+ Ke6 51. Kf1 Rh2 52. Rg7 g3 53. Rg4 Rxa2 54. Rxf4 Rf2+ 55. Kg1 Rxf4 0-1


[Site "https://www.chess.com"]

[Event "Titled Tuesday Blitz January 31 Early 2023"]
[White "Koridze, Lile"]
[Black "Zong, Davis"]
[WhiteFideId "13612514"]
[BlackFideId "30903955"]
[WhiteElo "2191"]
[BlackElo "2151"]
[Result "0-1"]
[Round "03"]
[TimeControl "180+2"]
[Date "2023.01.31"]
[WhiteClock "0:02:02"]
[BlackClock "0:01:01"]

1. d4 d5 2. c4 c6 3. Nf3 Nf6 4. e3 Bf5 5. Nbd2 e6 6. Be2 Be7 7. O-O h6 8. b3 O-O 9. Bb2 Nbd7 10. h3 Ne4 11. Ne5 Nxe5 12. dxe5 Qb6 13. Nxe4 Bxe4 14. cxd5 cxd5 15. Bd3 Bxd3 16. Qxd3 Rac8 17. e4 dxe4 18. Qxe4 Rfd8 19. Rad1 Bc5 20. Qf3 Qa6 21. a4 Qb6 22. Bc1 Bd4 23. Qg3 Kh8 24. Bf4 Rc2 25. Rd3 Bxf2+ 26. Rxf2 Rxd3 27. Qxd3 Qxf2+ 28. Kh1 Qxg2# 0-1


[Site "https://www.chess.com"]

[Event "Titled Tuesday Blitz January 31 Early 2023"]
[White "Szente Varga, Fruzsina"]
[Black "Vetokhin, Ilia"]
[WhiteFideId "712264"]
[BlackFideId "24156078"]
[WhiteElo "2075"]
[BlackElo "2305"]
[Result "1/2-1/2"]
[Round "03"]
[TimeControl "180+2"]
[Date "2023.01.31"]
[WhiteClock "0:00:12"]
[BlackClock "0:00:06"]

1. e4 c5 2. Nf3 Nc6 3. Bb5 Nf6 4. Nc3 Qc7 5. O-O Nd4 6. d3 a6 7. Ba4 b5 8. Bb3 c4 9. dxc4 Nxb3 10. axb3 bxc4 11. bxc4 Qxc4 12. e5 Ne4 13. Nxe4 Qxe4 14. Re1 Qg4 15. Qd5 Rb8 16. h3 Qg6 17. Qe4 Bb7 18. Qxg6 hxg6 19. Ng5 f6 20. Ne4 Rh5 21. exf6 Re5 22. fxg7 Bxg7 23. Bf4 d6 24. Bxe5 Bxe5 25. c3 Rc8 26. Ng5 Kd7 27. Nf3 Bf6 28. Nd4 e5 29. Nb3 Ke6 30. Na5 Rc7 31. Rad1 Bc8 32. Rd2 Bd7 33. Red1 Be7 34. Rd3 Rc5 35. b4 Rb5 36. Nc4 d5 37. Ne3 Bc6 38. Nc2 a5 39. bxa5 Rxa5 40. Nb4 Bxb4 41. cxb4 Rb5 42. Rb1 d4 43. Rc1 Kd5 44. Rg3 Be8 45. Rc5+ Rxc5 46. bxc5 Kxc5 47. Kf1 e4 48. Ke1 Kc4 49. Kd2 Kd5 50. Rg5+ Ke6 51. Ra5 Kd6 52. g4 Bc6 53. h4 Be8 54. Ra6+ Ke5 55. Ra5+ Kf4 56. Rg5 Bf7 57. Ke2 Bc4+ 58. Kd2 Bf7 59. Ke1 Be8 60. Ra5 Kxg4 61. Re5 Bc6 62. Re6 Bd5 63. Rxg6+ Kxh4 64. Rg7 Bc6 65. Kd2 Kh5 66. Rg8 e3+ 67. fxe3 dxe3+ 68. Kxe3 Bd5 69. Rd8 Be6 70. Kf4 Kg6 71. Rd6 Kf6 72. Ra6 Ke7 73. Ke5 Bc4 74. Ra7+ Kf8 75. Kf6 Kg8 76. Kg6 Bd3+ 77. Kh6 Kf8 78. Kg5 Bc4 79. Kf6 Kg8 80. Rc7 Ba2 81. Rc2 Bb1 82. Rc1 Ba2 83. Ra1 Bb3 84. Rc1 Kh8 85. Kg6 Be6 86. Rc6 Bg8 87. Kh6 Ba2 88. Rc8+ Bg8 89. Rc7 1/2-1/2


[Site "https://www.chess.com"]

[Event "Titled Tuesday Blitz January 31 Early 2023"]
[White "Lakshmi C"]
[Black "Llanos, Guillermo"]
[WhiteFideId "25035347"]
[BlackFideId "100358"]
[WhiteElo "1928"]
[BlackElo "2290"]
[Result "0-1"]
[Round "03"]
[TimeControl "180+2"]
[Date "2023.01.31"]
[WhiteClock "0:00:31"]
[BlackClock "0:02:10"]

1. e4 Nf6 2. e5 Nd5 3. d4 d6 4. c4 Nb6 5. f4 dxe5 6. fxe5 c5 7. d5 e6 8. Nc3 exd5 9. cxd5 c4 10. d6 Nc6 11. Nf3 Bg4 12. Bf4 g5 13. Bg3 Bg7 14. Nd5 O-O 15. Nxb6 Qxb6 16. Bxc4 Qb4+ 17. Qd2 Qxc4 0-1


[Site "https://www.chess.com"]

[Event "Titled Tuesday Blitz January 31 Early 2023"]
[White "Bobomurodova, Maftuna"]
[Black "Danielyan, Vahe"]
[WhiteFideId "14207400"]
[BlackFideId "13304828"]
[WhiteElo "1946"]
[BlackElo "2346"]
[Result "1-0"]
[Round "03"]
[TimeControl "180+2"]
[Date "2023.01.31"]
[WhiteClock "0:00:19"]
[BlackClock "0:00:02"]

1. e4 Nf6 2. e5 Nd5 3. d4 d6 4. c4 Nb6 5. Nf3 g6 6. Nc3 Bg7 7. exd6 cxd6 8. h3 O-O 9. Be2 Nc6 10. O-O e5 11. d5 Na5 12. Nd2 Bf5 13. b3 e4 14. Bb2 Rc8 15. Bg4 Nxd5 16. Rc1 Nf4 17. Bxf5 gxf5 18. Rb1 Qg5 19. g3 Nxh3+ 20. Kh2 Qh6 21. Kg2 Ng5 22. Rh1 Qg6 23. Nd5 Nc6 24. Nf4 Ne5 25. Nxg6 hxg6 26. Qe2 Rfe8 27. Qe3 Ne6 28. Bxe5 dxe5 29. Rh2 Red8 30. Rbh1 Rd3 31. Qe2 Rcd8 32. Nf1 Nd4 33. Qb2 Nf3 34. Rh7 R8d4 35. Ne3 Rd2 36. Qa3 Rd7 37. Qxa7 f4 38. Nd5 Rd8 39. Qxb7 Ng5 40. Rxg7+ Kxg7 41. Qe7 1-0


[Site "https://www.chess.com"]

[Event "Titled Tuesday Blitz January 31 Early 2023"]
[White "Bouget, Alexandre"]
[Black "Vaglio Munoz, Jaime"]
[WhiteFideId "681318"]
[BlackFideId "6500145"]
[WhiteElo "2267"]
[BlackElo "2174"]
[Result "1-0"]
[Round "03"]
[TimeControl "180+2"]
[Date "2023.01.31"]
[WhiteClock "0:01:42"]
[BlackClock "0:02:23"]

1. d4 c6 2. c4 b5 3. cxb5 cxb5 4. e4 Bb7 5. f3 a6 6. a4 b4 7. Be3 Nf6 8. Nd2 e6 9. a5 Nc6 10. Nc4 d5 11. Nb6 dxe4 12. Nxa8 Qxa8 13. fxe4 Nxe4 14. Nf3 Bd6 15. Bd3 Ne7 16. O-O Nf5 17. Qa4+ Kf8 18. Qd7 Bc6 19. Bxe4 Bxe4 20. Ng5 Qb7 21. Qd8# 1-0


[Site "https://www.chess.com"]

[Event "Titled Tuesday Blitz January 31 Early 2023"]
[White "Myshakov, Fyodor"]
[Black "De Souza, Cristiano Gomes"]
[WhiteFideId "14111284"]
[BlackFideId "2151758"]
[WhiteElo "2292"]
[BlackElo "2018"]
[Result "1-0"]
[Round "03"]
[TimeControl "180+2"]
[Date "2023.01.31"]
[WhiteClock "0:02:11"]
[BlackClock "0:01:07"]

1. c4 Nf6 2. Nc3 g6 3. Nf3 Bg7 4. g3 O-O 5. Bg2 d6 6. O-O Nc6 7. d4 Bf5 8. Nh4 Bd7 9. b3 Qc8 10. Bb2 Bh3 11. Nd5 Bxg2 12. Nxg2 e6 13. Nxf6+ Bxf6 14. e4 e5 15. d5 Ne7 16. f4 Kg7 17. fxe5 Bxe5 18. Bxe5+ dxe5 19. Ne3 Qd7 20. Ng4 f6 21. h3 h5 22. Nf2 c6 23. Rc1 cxd5 24. cxd5 Rac8 25. Qd2 Rxc1 26. Rxc1 Rc8 27. Rc4 b5 28. Rc3 Rxc3 29. Qxc3 Qc8 30. Qxc8 Nxc8 31. Nd1 Nd6 32. Nf2 b4 33. Kg2 Nb5 34. Nd3 a5 35. Nc5 Nc3 36. Nb7 Kf7 37. Nxa5 Nxe4 38. Nc6 Nc3 39. Nxb4 Ke7 40. a4 Kd6 41. a5 Kc5 42. a6 Nb5 43. Nc6 Kxd5 44. a7 Nc7 45. Nb4+ Kd4 46. Kf3 Kc3 47. Nd5+ Nxd5 48. a8=Q Nb4 49. Qf8 Kxb3 50. Qxf6 1-0


[Site "https://www.chess.com"]

[Event "Titled Tuesday Blitz January 31 Early 2023"]
[White "Fernandez, Michael"]
[Black "Dilmukhametov, Artur"]
[WhiteFideId "5803560"]
[BlackFideId "24179922"]
[WhiteElo "2181"]
[BlackElo "2276"]
[Result "1-0"]
[Round "03"]
[TimeControl "180+2"]
[Date "2023.01.31"]
[WhiteClock "0:01:42"]
[BlackClock "0:01:24"]

1. b4 e5 2. Bb2 Nf6 3. b5 e4 4. e3 d5 5. c4 c6 6. a4 Be6 7. Qc2 Nbd7 8. Ne2 cxb5 9. axb5 dxc4 10. Nf4 Qe7 11. Ba3 Nc5 12. Nxe6 Qxe6 13. Bxc4 Qe5 14. Bb2 Qg5 15. O-O Bd6 16. f4 Qh5 17. Bxf6 gxf6 18. Nc3 Rg8 19. Nxe4 Nxe4 20. Qxe4+ Kf8 21. Qxb7 Rd8 22. Rxa7 Qg4 23. Qxf7# 1-0


[Site "https://www.chess.com"]